 Dungeon Crawl Stone Soup version 0.31.0-11-ge490571c62 (webtiles) character file.

Game seed: 6084102439068286540

5 Aviak the Caller (level 1, 0/13 HPs)
             Began as a Demonspawn Summoner on Jan 26, 2024.
             Slain by a jackal (2 damage)
             ... on level 1 of the Dungeon.
             The game lasted 00:00:36 (108 turns).

Aviak the Caller (Demonspawn Summoner)               Turns: 108, Time: 00:00:37

Health: 0/13       AC:  2    Str:  8    XL:     1   Next: 66%
Magic:  1/3        EV: 12    Int: 15    God:
Gold:   39         SH:  0    Dex: 13    Spells: 3/4 levels left

rFire   . . .        (no weapon)
rCold   . . .        (no shield)
rNeg    . . .        a - +0 robe
rPois   .            (no helmet)
rElec   .            (no cloak)
rCorr   .            (no gloves)
SInv    .            (no boots)
Will    .....        (no amulet)
Stlth   ++           (no ring)
HPRegen 0.22/turn    (no ring)
MPRegen 0.08/turn

%: no passive effects
@: no status effects
A: no striking features
a: no special abilities


You were on level 1 of the Dungeon.
You visited 1 branch of the dungeon, and saw 1 of its levels.

You collected 39 gold pieces.

Inventory:

Armour
 a - a +0 robe (worn)
Scrolls
 c - a scroll of noise {unknown}
Potions
 b - a potion of magic


   Skills:
 + Level 2.0 Dodging
 - Level 1.7 Stealth
 + Level 2.1 Spellcasting
 + Level 4.1 Summonings


You had 3 spell levels left.
You knew the following spells:

 Your Spells              Type           Power      Damage    Failure   Level
a - Summon Small Mammal   Summ           52%        N/A       4%          1

Your spell library contained the following spells:

 Spells                   Type           Power      Damage    Failure   Level
 Call Imp                 Summ           26%        N/A       6%          2
 Call Canine Familiar     Summ           13%        N/A       12%         3
 Summon Blazeheart Golem  Fire/Summ      7%         N/A       67%         4
 Summon Lightning Spire   Summ/Air       7%         N/A       67%         4


Dungeon Overview and Level Annotations

Branches:
Dungeon (1/15)

Altars:


Message History

The jackal is moderately wounded.
Your quokka bites the jackal.
The jackal barely misses you.
Your rat closely misses the jackal.
The rat barely misses your rat.
Your quokka misses the jackal. You closely miss the jackal.
The jackal is severely wounded.
The jackal bites you. The jackal barely misses you.
Your quokka barely misses the jackal.
Your rat completely misses the jackal.
The rat bites your rat.
Your rat dies!
Your rat's corpse disappears in a puff of smoke!
You hit the jackal but do no damage.
The jackal is severely wounded.
The jackal barely misses you.
Your quokka barely misses the jackal.
You barely miss the jackal.
The jackal is severely wounded.
The jackal completely misses you.
Your quokka closely misses the jackal.
The jackal barely misses you.
You hit the jackal but do no damage.
The jackal is severely wounded.
Your quokka closely misses the jackal.
The jackal misses you.
You hit the jackal.
The jackal is almost dead.
Your quokka closely misses the jackal.
The jackal bites you.
Your quokka barely misses the jackal.
You miss the jackal. Your punch misses the jackal.
The jackal is almost dead.
The jackal barely misses you. The jackal bites you.
Your quokka closely misses the jackal.
You hit the jackal.
The jackal is almost dead.
The jackal bites you.
* * * LOW HITPOINT WARNING * * *
Your quokka bites the jackal but does no damage.
Unknown command.
You are too injured to fight recklessly!
Casting: Summon Small Mammal (safe; 4% risk of failure)
Confirm with . or Enter, or press ? or * to list all spells.
The jackal bites you.
You die...

#.# #.##.. #.# #.##.. #.#
.### #.##.. #.# ..#
#.##.. #.# #.## #.##..
####### #.####..# #.##..
#...... #.......# #.....
#.....r##.r.....## #.##..
......rh@.......)###.##..
#......###...........##..
.###..........#....####..
#.########.#.##...####
... #.#.####.#### ###
#.#.# #..... #.#.# ######
#.#.# #.#.#


You could see a jackal (ally target), a rat, a friendly quokka (summoned) and a
friendly rat (summoned).

Vanquished Creatures
  A goblin (D:1)
  A jackal (D:1)
2 creatures vanquished.

Vanquished Creatures (collateral kills)
  An endoplasm (D:1)
  A bat (D:1)
  A rat (D:1)
3 creatures vanquished.

Grand Total: 5 creatures vanquished

Notes
Turn   | Place    | Note
-------+----------+-------------------------------------------
     0 | D:1      | Aviak the Demonspawn Summoner began the quest for the Orb.
     0 | D:1      | Reached XP level 1. HP: 13/13 MP: 3/3
   108 | D:1      | Slain by a jackal

Illustrated notes

Levels and vault maps discovered:
D:1:      lemuel_arrival_room, layout_basic

Skill      XL: |  1 |
---------------+----+-----
Dodging        | 2 |  2.0
Stealth        | |  1.7
Spellcasting   | |  2.1
Summonings     | |  4.1

Action                     || total
---------------------------++-------
  Melee: Unarmed           ||    20
   Cast: Summon Small Mamm ||     6
   Stab: Distracted        ||     1
 Armour: Robe              ||    13
  Dodge: Dodged            ||    19
